 Dungeon Crawl Stone Soup version 0.22-a0-514-g96ba041d05 (webtiles) character file.

369 Flugkiller the Ruffian (level 6, -9/56 HPs)
             Began as a Naga Transmuter on June 19, 2018.
             Was an Initiate of Cheibriados.
             Mangled by an iguana (11 damage)
             ... on level 5 of the Dungeon.
             The game lasted 00:05:39 (4014 turns).

Flugkiller the Ruffian (Naga Transmuter)            Turns: 4014, Time: 00:05:40

Health: -9/56      AC:  5    Str: 15    XL:     6   Next: 70%
Magic:  5/9        EV: 12    Int: 17    God:    Cheibriados [......]
Gold:   310        SH:  0    Dex: 13    Spells: 6/9 levels left

rFire    . . .     SeeInvis +     - Unarmed
rCold    . . .     Gourm    .   (no shield)
rNeg     . . .     Faith    .   v - +1 leather armour {MR+}
rPois    +         Spirit   .   (no helmet)
rElec    .         Reflect  .   (no cloak)
rCorr    .         Harm     .   b - +0 pair of gloves
MR       +....                  (no barding)
Stlth    ++........             (no amulet)
HPRegen  0.18/turn              f - +3 ring of intelligence
MPRegen  0.11/turn              p - +2 ring of evasion

@: appendage (expiring), very slow
A: large, horns 2, see invisible, deformed body, poison resistance, slowness 2,
slow metabolism 1, spit poison 1, AC +2
a: Spit Poison, End Transformation, Bend Time, Renounce Religion


You were on level 5 of the Dungeon.
You worshipped Cheibriados.
Cheibriados was noncommittal.
You were hungry.
You had grown temporary horns.
You visited 1 branch of the dungeon, and saw 5 of its levels.

You collected 310 gold pieces.

Inventory:

Missiles
 a - 43 arrows
Armour
 b - a +0 pair of gloves (worn)
 v - a +1 leather armour of magic resistance (worn)
Jewellery
 f - a +3 ring of intelligence (left hand)
 j - a +4 ring of strength
 p - a +2 ring of evasion (right hand)
Scrolls
 c - 4 scrolls of teleportation {unknown}
 g - a scroll of magic mapping {unknown}
 h - 2 scrolls of enchant armour {unknown}
 k - 6 scrolls of identify {unknown}
 l - a scroll of blinking {unknown}
 m - 3 scrolls of remove curse {unknown}
 t - a scroll of fog {unknown}
Potions
 e - 4 potions of curing
 i - a potion of mutation {unknown}
 n - 3 potions of haste {unknown}
 o - a potion of cancellation {unknown}
 q - 2 potions of berserk rage {unknown}
 s - 3 potions of heal wounds {unknown}
Comestibles
 d - 2 rations
 r - a chunk of flesh


   Skills:
 + Level 3.0 Fighting
 + Level 2.8 Dodging
 + Level 4.3 Stealth
 * Level 5.1 Unarmed Combat
 - Level 2.0 Spellcasting
 - Level 2.0 Transmutations


You had 6 spell levels left.
You knew the following spells:

 Your Spells              Type           Power        Failure   Level  Hunger
a - Beastly Appendage     Tmut           #.....       11%         1    #......
b - Sticks to Snakes      Tmut           #.......     16%         2    ###....

Your spell library contained the following spells:

 Spells                   Type           Power        Failure   Level  Hunger
 Spider Form              Tmut/Pois      #.........   43%         3    ###....
 Blade Hands              Tmut           #.........   96%         5    ######.
 Ice Form                 Ice/Tmut       #.......     83%         4    #####..


Dungeon Overview and Level Annotations

Branches:
Dungeon (5/15)
 Temple: D:4-7

Altars:
Cheibriados
Vehumet

Annotations:
D:4 1 runed door


Innate Abilities, Weirdness & Mutations

You cannot wear boots.
Your serpentine skin is tough. (AC +2)
You have supernaturally acute eyesight. (SInv)
Armour fits poorly on your strangely shaped body.
Your system is resistant to poisons. (rPois)
You cover ground very slowly.
You have a slow metabolism.
You can spit poison.
You have a pair of horns on your head.


Message History

The iguana is severely wounded.
You have got your breath back.
The iguana bites you!
You completely miss the iguana.
The iguana is severely wounded.
The iguana closely misses you.
You closely miss the iguana.
The iguana is severely wounded.
The iguana bites you!
* * * LOW HITPOINT WARNING * * *
It was a potion of curing.
You feel better.
The iguana bites you but does no damage.
Unknown command.
Casting: Beastly Appendage (safe; 11% risk of failure)
Confirm with . or Enter, or press ? or * to list all spells.
You create a snake!
You now have 43 arrows.
The orc hits you with a crude quarterstaff {crush}!
* * * LOW HITPOINT WARNING * * *
x2 The iguana bites you!
You die...

#.# ..# #.# #.#
#<## . #..# ...
#S.####...
..#..#o........
.......l@###.#..
..##..##..# ##.
#..# . (... ##
#.... #.....
....... ........


You could see an iguana, an orc and a friendly ball python.

Vanquished Creatures
  Eustachio (D:4)
  A scorpion (D:4)
  2 hounds (D:4)
  An orc priest (D:5)
  2 worker ants (D:4)
  An adder (D:3)
  2 oozes (D:1)
  A worm (D:2)
  2 dart slugs
  An orc (D:4)
  A ball python (D:4)
  3 bats
  A giant cockroach (D:3)
  3 goblins
  7 hobgoblins
  6 kobolds
  A quokka (D:4)
  6 frilled lizards
  2 rats (D:1)
  A fungus (D:1)
45 creatures vanquished.

Vanquished Creatures (collateral kills)
  An orc wizard (D:4)
  A hobgoblin (D:3)
2 creatures vanquished.

Grand Total: 47 creatures vanquished

Notes
Turn   | Place    | Note
-------+----------+-------------------------------------------
     0 | D:1      | Flugkiller the Naga Transmuter began the quest for the Orb.
     0 | D:1      | Reached XP level 1. HP: 18/18 MP: 3/3
   318 | D:1      | Reached skill level 1 in Stealth
   318 | D:1      | Reached XP level 2. HP: 25/25 MP: 5/5
  1008 | D:1      | Reached XP level 3. HP: 31/31 MP: 4/6
  1012 | D:1      | Learned a level 2 spell: Sticks to Snakes
  2298 | D:3      | Found a radiant altar of Vehumet.
  2424 | D:3      | Reached XP level 4. HP: 38/39 MP: 7/7
  2425 | D:3      | Found a snail-covered altar of Cheibriados.
  2458 | D:3      | Became a worshipper of Cheibriados the Contemplative
  2724 | D:4      | Found a runed door.
  2838 | D:4      | Reached skill level 4 in Unarmed Combat
  3078 | D:4      | Reached XP level 5. HP: 36/45 MP: 4/8
  3629 | D:4      | Noticed Eustachio
  3643 | D:4      | Killed Eustachio
  3643 | D:4      | Reached skill level 5 in Unarmed Combat
  3643 | D:4      | Reached XP level 6. HP: 51/55 MP: 2/9
  3787 | D:5      | Entered Level 5 of the Dungeon
  3800 | D:5      | Noticed an ice beast
  4014 | D:5      | HP: 2/56 [orc/crude quarterstaff {crush} (3)]
  4014 | D:5      | Mangled by an iguana

Vault maps used:
D:1:      minmay_arrival_solitary_statue, minmay_gold_behind_fungi
D:3:      fiery_altar_vehumet, lemuel_round_altar, glass_columns_c
D:4:      uniq_eustachio, uniq_crazy_yiuf_cottage
D:5:      old_standard_altar, first_ration

Skill      XL: |  1  2  3  4  5  6 |
---------------+-------------------+-----
Stealth        | 1 2 3 4 |  4.3
Dodging        | 2 |  2.8
Fighting       | 2 3 |  3.0
Unarmed Combat | 4 5 |  5.1
Spellcasting   | |  2.0
Transmutations | |  2.0

Action                   |  1- 3 |  4- 6 || total
-------------------------+-------+-------++-------
Melee: Unarmed           |    96 |    44 ||   140
       Headbutt          |     8 |     4 ||    12
       Punch             |     1 |     1 ||     2
 Cast: Beastly Appendage |    14 |     6 ||    20
       Sticks to Snakes  |     1 |     8 ||     9
 Abil: Spit Poison       |    19 |    12 ||    31
  Use: Potion            |       |     1 ||     1
 Stab: Sleeping          |     1 |       ||     1
  Eat: Chunk             |     5 |     6 ||    11
Armor: Robe              |    18 |     7 ||    25
       Leather armour    |       |     8 ||     8
Dodge: Dodged            |    39 |    24 ||    63

Table legend:
 A = Spawn XP
 B = Non-spawn XP
 C = Spawn XP percentage of total XP
 D = Spawn monster count
 E = Non-spawn monster count
 F = Spawn count percentage of total count
 G = Total turns spent on level
                    A         B        C        D         E        F      G
               +---------+---------+-------+---------+---------+-------+---------
         Total |       0 |     528 |   0.0 |       0 |      46 |   0.0 |  4014
               +---------+---------+-------+---------+---------+-------+---------
           D:1 |       0 |      39 |   0.0 |       0 |      16 |   0.0 |  1185
           D:2 |       0 |      23 |   0.0 |       0 |      10 |   0.0 |  1053
           D:3 |       0 |      24 |   0.0 |       0 |       8 |   0.0 |   440
           D:4 |       0 |     401 |   0.0 |       0 |      11 |   0.0 |  1281
           D:5 |       0 |      41 |   0.0 |       0 |       1 |   0.0 |    55
               +---------+---------+-------+---------+---------+-------+---------
